 Dungeon Crawl Stone Soup version 0.27-a0-1378-gdefffd1ff6 (webtiles) character file.

Game seed: 6166247680993142972

2407 HoaS the Grappler (level 9, -4/71 HPs)
             Began as a Demigod Gladiator on June 29, 2021.
             Slain by an orc warrior (7 damage)
             ... on level 6 of the Dungeon.
             The game lasted 00:11:49 (6051 turns).

HoaS the Grappler (Demigod Gladiator)               Turns: 6051, Time: 00:11:50

Health: -4/71      AC: 16    Str: 23    XL:     9   Next: 3%
Magic:  11/11      EV:  8    Int: 10    God:
Gold:   360        SH:  5    Dex: 19    Spells: 8/8 levels left

rFire    . . .     SeeInvis .     - Unarmed
rCold    . . .     Faith    .   (no shield)
rNeg     . . .     Spirit   .   p - +0 plate armour
rPois    .         Reflect  +   b - +0 helmet
rElec    .         Harm     .   l - +0 cloak
rCorr    .         Rampage  .   n - +0 pair of gloves
Will     .....                  e - +0 pair of boots
Stlth    ..........             k - amulet of reflection
HPRegen  0.21/turn              (no ring)
MPRegen  0.12/turn              (no ring)

@: hasted, very quick
A: high mp 1, forlorn
a: no special abilities


You were on level 6 of the Dungeon.
You visited 1 branch of the dungeon, and saw 6 of its levels.
You also visited: Sewer.

You collected 360 gold pieces.

Inventory:

Missiles
 c - 2 throwing nets (quivered)
 o - 4 javelins
Armour
 b - a +0 helmet (worn)
 e - a +0 pair of boots (worn)
 l - a +0 cloak (worn)
 n - a +0 pair of gloves (worn)
 p - a +0 plate armour (worn)
Jewellery
 g - a ring of ice
 k - an amulet of reflection (around neck)
Wands
 d - a wand of iceblast (11)
Scrolls
 h - 3 scrolls of teleportation
Potions
 a - 4 potions of flight
 f - a potion of invisibility {unknown}
 i - a potion of heal wounds {unknown}
 m - 2 potions of curing
 q - a potion of berserk rage {unknown}


   Skills:
 + Level 4.0 Fighting
 - Level 1.7 Throwing
 + Level 4.0 Armour
 + Level 4.0 Dodging
 * Level 9.8 Unarmed Combat


You had 8 spell levels left.
You didn't know any spells.
Your spell library contained the following spells:

 Spells                   Type           Power      Damage    Failure   Level
 Bolt of Magma            Conj/Fire/Erth 0%         4d4       100%        5
 Iskenderun's Battlesphe  Conj           0%         2d6       100%        5
 Iron Shot                Conj/Erth      0%         9d1       100%        6
 Orb of Destruction       Conj           0%         N/A       100%        7
 Spellforged Servitor     Conj/Summ      0%         N/A       100%        7


Dungeon Overview and Level Annotations

Branches:
Dungeon (6/15)              Sewer (visited)
 Temple: D:4-7

Shops:
D:1 (   D:5 ?


Innate Abilities, Weirdness & Mutations

Your attributes grow dramatically as you level up.
You have an increased reservoir of magic. (+10% MP)
You shall have no god before yourself.


Message History

Things that are here:
a +0 hand axe; a fizzy orange potion; a scroll of acquirement You feel yourself speed up.
The orc warrior hits you with a +0 flail.
* * * LOW HITPOINT WARNING * * *
The orc hits you but does no damage.
You closely miss the orc warrior.
The orc warrior is moderately wounded.
You punch the orc warrior!
The orc warrior is heavily wounded.
The orc warrior hits you with a +0 flail.
* * * LOW HITPOINT WARNING * * *
The orc hits you but does no damage.
Your plate armour prevents you from hitting the orc warrior.
The orc warrior is heavily wounded.
You barely miss the orc warrior.
The orc warrior is heavily wounded.
The orc warrior hits you with a +0 flail.
* * * LOW HITPOINT WARNING * * *
You block the orc's attack.
You barely miss the orc warrior.
The orc warrior is heavily wounded.
You hit the orc warrior.
The orc warrior is heavily wounded.
The orc warrior hits you but does no damage.
The orc barely misses you.
Your plate armour prevents you from hitting the orc warrior.
You punch the orc warrior, but do no damage.
The orc warrior is heavily wounded.
You hit the orc warrior but do no damage.
The orc warrior is heavily wounded.
The orc warrior hits you but does no damage.
You barely miss the orc warrior.
The orc warrior is heavily wounded.
The orc hits you with a +0 flail.
* * * LOW HITPOINT WARNING * * *
You closely miss the orc warrior.
The orc warrior is heavily wounded.
The orc warrior hits you with a +0 flail!
You die...

#.# ... #..
#.### ...#####
..######.....#
.#.....#.....#
.......@o....#
........o##.##
.........##.#
........)##.#
###...
........<##.#
.....
.........##.#
...g
..........#.##
...
.............#
.. ...
...####..####


You could see an orc warrior and an orc.

Vanquished Creatures
  Pikel (D:5)
  Prince Ribbit (D:5)
  A wraith (D:6)
  A water moccasin (D:5)
  An ice beast (D:6)
  A black bear (D:5)
  3 ogres
  2 centaurs (D:6)
  A lemure (D:5)
  A bullfrog (D:6)
  A water moccasin zombie (D:5)
  3 scorpions
  A bullfrog zombie (D:5)
  A jelly (D:5)
  3 orc priests
  A gnoll shaman (D:5)
  2 hounds
  Ijyb (D:5)
  2 iguanas
  3 orc wizards (D:3)
  A hound skeleton (D:4)
  5 gnolls
  4 adders
  3 shadow imps
  3 worms
  3 dart slugs
  13 orcs
  5 ball pythons
  9 bats
  8 endoplasms
  4 giant cockroaches
  4 goblins
  3 hobgoblins
  15 jackals
  5 kobolds
  4 quokkas
  10 frilled lizards
  2 rats
132 creatures vanquished.

Vanquished Creatures (collateral kills)
  An adder (D:3)
1 creature vanquished.

Vanquished Creatures (others)
  A plant (D:3)
  6 toadstools (D:4)
7 creatures vanquished.

Grand Total: 140 creatures vanquished

Notes
Turn   | Place    | Note
-------+----------+-------------------------------------------
     0 | D:1      | HoaS the Demigod Gladiator began the quest for the Orb.
     0 | D:1      | Reached XP level 1. HP: 17/17 MP: 3/3
   282 | D:1      | Reached skill level 3 in Unarmed Combat
   344 | D:1      | Found Rogasits's Weapon Shoppe.
   537 | D:2      | Reached XP level 2. HP: 22/24 MP: 4/4
   991 | D:2      | Reached XP level 3. HP: 14/29 MP: 5/5
  1184 | D:2      | Reached skill level 4 in Unarmed Combat
  1824 | D:3      | Reached XP level 4. HP: 32/36 MP: 6/6
  1838 | D:3      | Reached skill level 5 in Unarmed Combat
  1857 | D:3      | Found a glowing drain.
  1867 | Sewer    | Entered a sewer
  2360 | D:3      | Reached XP level 5. HP: 31/41 MP: 7/7
  2714 | D:3      | Identified a scroll of acquirement
  2714 | D:3      | Acquired an amulet of reflection
  3163 | D:4      | Reached skill level 6 in Unarmed Combat
  3447 | D:4      | Reached XP level 6. HP: 8/48 MP: 8/8
  3921 | D:4      | Reached skill level 7 in Unarmed Combat
  4414 | D:5      | Entered Level 5 of the Dungeon
  4420 | D:5      | Reached XP level 7. HP: 48/53 MP: 9/9
  4508 | D:5      | Noticed Pikel
  4541 | D:5      | Killed Pikel
  4542 | D:5      | Reached skill level 9 in Unarmed Combat
  4542 | D:5      | Reached skill level 1 in Armour
  4631 | D:5      | Reached XP level 8. HP: 43/62 MP: 10/10
  4739 | D:5      | Noticed Prince Ribbit
  4751 | D:5      | Killed Prince Ribbit
  4845 | D:5      | Noticed Ijyb
  4859 | D:5      | Killed Ijyb
  4938 | D:5      | Found Edghasch's Magic Scroll Shoppe.
  5859 | D:6      | Reached XP level 9. HP: 42/71 MP: 11/11
  6050 | D:6      | HP: 3/71 [orc (2)]
  6051 | D:6      | Slain by an orc warrior

Illustrated notes

Levels and vault maps discovered:
D:1:      noname_arrival_rooms_in_the_neighbourhood, layout_basic, serial_shops,
          shop
D:2:      layout_loops_cross
D:3:      layout_loops_ring, cheibrodos_sewer_entry_sluice,
          shapermc_ecumenical_altar_flowoftime
D:4:      layout_basic, kennysheep_little_box, lemuel_crystal_altar,
          tso_oasis_becter, hex_large, minmay_gold_behind_fungi,
          minmay_quadrilaterals
D:5:      layout_loops_ring, nicolae_take_the_stairs, uniq_ijyb,
          uniq_prince_ribbit1, uniq_pikel
D:6:      layout_rooms, minmay_microvault

Skill      XL: |  1  2  3  4  5  6  7  8 |
---------------+-------------------------+-----
Unarmed Combat | 3 4 5 6 7 9 |  9.8
Fighting       | 2 4 |  4.0
Armour         | 1 4 |  4.0
Dodging        | 3 4 |  4.0
Throwing       | |  1.7

Action                   |  1- 3 |  4- 6 |  7- 9 || total
-------------------------+-------+-------+-------++-------
Melee: Unarmed           |   146 |   242 |   230 ||   618
       Punch             |       |     3 |    12 ||    15
Throw: Throwing net      |     2 |     1 |     1 ||     4
  Use: Scroll            |     5 |     6 |       ||    11
       Potion            |       |     3 |     1 ||     4
 Stab: Held in net/web   |     2 |     3 |     1 ||     6
Armor: Chain mail        |    79 |   159 |    13 ||   251
       Plate armour      |       |       |    79 ||    79
Dodge: Dodged            |    22 |    86 |    66 ||   174
Block: Other             |       |    23 |    46 ||    69
       Reflection        |       |     2 |       ||     2

Table legend: (Time is in decaauts)
 A = Elapsed time spent in this place.
 B = Non-inter-level travel time spent in this place.
 C = Inter-level travel time spent in this place.
 D = Time resting spent in this place.
 E = Time spent auto-exploring this place.
 F = Levels seen in this place.
 G = Mean time per level.
                   A        B        C        D        E       F      G
               +--------+--------+--------+--------+--------+-----+--------+
         Total |   6058 |   5916 |    142 |   1498 |   3209 |   7 |  865.4 |
       Dungeon |   5627 |   5485 |    142 |   1449 |   3050 |   6 |  937.8 |
         Sewer |    431 |    431 |      0 |     49 |    158 |   1 |  431.0 |
               +--------+--------+--------+--------+--------+-----+--------+

Top non-repeatable levels by time:
     D:4: 1370 daAuts
     D:2: 1216 daAuts
     D:5: 1192 daAuts
     D:3: 915 daAuts
     D:1: 505 daAuts
   Sewer: 431 daAuts
     D:6: 428 daAuts
